AoeStats
← Lord Laggington

MegaRandom

514839329Analyzed
2v2 RM · 18d ago on Oct 19, 2026· 56m 28s· 4 players
Game mode
Random Map
Map size
Medium (4 player)
Population
200
Speed
Normal
Resources
Standard
Victory
Conquest
Starting age
Dark Age
Ending age
Imperial Age
RankedLock teamsTeams togetherTeam positionsShared explorationLock speedFull tech treeHidden civsTurbo modeCheats
Victory
Defeat
🇬🇧 Romans · United Kingdom
1045
+15
🇨🇱 Armenians · Chile
1012
+16
vs
🇩🇪 Britons · Germany
1019
-16
🇩🇪 Cumans · Germany
1008
-15
novusb4
4:23 Loom
9:08 Loom
10:54 Feudal Age
13:05 Double-Bit Axe
15:11 Wheelbarrow
19:56 Castle Age
18:03 Fletching
22:39 Bodkin Arrow
22:45 Padded Archer Armor
24:53 Bow Saw
29:04 Thumb Ring
29:33 Hand Cart
31:13 Bloodlines
33:23 Scale Barding Armor
33:29 Forging
34:14 Ballistics
36:01 Fishing Lines
37:05 Heated Shot
38:23 Chain Barding Armor
42:37 Imperial Age
41:24 Iron Casting
42:34 Leather Archer Armor
42:40 Elite Steppe Lancer
44:08 Steppe Husbandry
44:31 Conscription
45:20 Two-Man Saw
45:14 Light Cavalry
48:42 Hussar
55:10 Chemistry
54:45 Gold Mining
56:16 Cuman Mercenaries
Lord Laggington
5:25 Loom
10:09 Feudal Age
10:47 Double-Bit Axe
13:44 Fletching
13:58 Padded Archer Armor
13:50 Horse Collar
16:57 Gold Mining
17:04 Stone Mining
17:13 Town Watch
21:36 Castle Age
21:42 Crossbowman
23:02 Bow Saw
24:17 Bodkin Arrow
24:38 Leather Archer Armor
25:54 Ballistics
25:17 Treadmill Crane
27:44 Wheelbarrow
28:25 Heavy Plow
34:21 Gold Shaft Mining
35:04 Hand Cart
34:58 Heated Shot
35:04 Murder Holes
39:06 Imperial Age
39:12 Capped Ram
39:17 Arbalester
40:02 Bracer
40:32 Ring Archer Armor
41:04 Chemistry
40:34 Conscription
43:58 Hoardings
43:43 Elite Longbowman
46:00 Siege Engineers
54:40 Caravan
55:12 Coinage
54:54 Guilds
Paddy
8:10 Loom
11:23 Feudal Age
11:49 Double-Bit Axe
14:05 Wheelbarrow
17:50 Castle Age
17:04 Fishing Lines
17:29 Town Watch
18:46 Horse Collar
19:21 Bow Saw
22:29 Gold Mining
22:26 Horse Collar
22:59 Gillnets
25:19 Medium Warships
25:02 Fletching
26:54 Bodkin Arrow
28:46 Hand Cart
31:37 Ballistics
31:59 Gold Shaft Mining
35:14 Imperial Age
32:59 Forging
33:45 Squires
34:10 Murder Holes
34:28 Clinker Construction
34:21 Stone Mining
35:47 Scale Mail Armor
37:24 Conscription
37:26 Comitatenses
37:39 Guilds
37:00 Man-at-Arms
37:39 Long Swordsman
38:29 Town Patrol
39:46 Chain Mail Armor
39:42 Legionary
39:50 Pikeman
40:33 Capped Ram
41:57 Iron Casting
42:59 Chemistry
44:20 Ballistas
45:44 Heavy Warships
45:43 Carvel Hull
48:24 Blast Furnace
49:15 Careening
48:56 Siege Ram
50:06 Scale Barding Armor
50:01 Padded Archer Armor
50:17 Siege Engineers
52:30 Elite Centurion
53:39 Leather Archer Armor
55:07 Halberdier
weritox69
3:13 Loom
11:57 Feudal Age
12:09 Man-at-Arms
12:43 Double-Bit Axe
13:13 Long Swordsman
15:09 Arson
21:28 Castle Age
19:34 Scale Mail Armor
19:29 Gold Mining
22:31 Two-Handed Swordsman
22:57 Gambesons
23:15 Squires
24:41 Town Watch
26:49 Bow Saw
31:56 Imperial Age
33:46 Wheelbarrow
35:11 Gold Shaft Mining
34:29 Stone Mining
34:41 Town Patrol
35:59 Fletching
36:10 Padded Archer Armor
37:14 Elite Skirmisher
37:17 Champion
37:22 Onager
41:39 Bodkin Arrow
42:00 Leather Archer Armor
42:04 Masonry
44:04 Ballistics
45:18 Forging
45:40 Ring Archer Armor
49:38 Chain Mail Armor
53:08 Iron Casting
53:04 Plate Mail Armor
53:10 Caravan
54:06 Fereters
55:21 Herbal Medicine
Connection lost

Rejoining the realm…

Still unreachable

The connection could not be restored.

Session expired

The server has moved on; the page needs a fresh start.